 Dungeon Crawl Stone Soup version 0.22.0 (console) character file.

252 thesubatomic the Cudgeler (level 6, -1/37 HPs)
             Began as a Gargoyle Fighter on Aug 12, 2018.
             Was a Follower of Okawaru.
             Slain by an orc
             ... wielding a +0 trident
              (3 damage)
             ... on level 3 of the Dungeon.
             The game lasted 00:04:19 (2781 turns).

thesubatomic the Cudgeler (Gargoyle Fighter)        Turns: 2781, Time: 00:04:19

Health: -1/37      AC: 14    Str: 27    XL:     6   Next: 14%
Magic:  6/6        EV:  7    Int:  8    God:    Okawaru [*.....]
Gold:   238        SH:  9    Dex:  9    Spells: 5/5 levels left

rFire    . . .     SeeInvis .   a - +0 flail
rCold    . . .     Gourm    .   c - +0 shield
rNeg     + . .     Faith    .   b - +0 scale mail
rPois    ∞         Spirit   .   (no helmet)
rElec    +         Reflect  .   k - +2 cloak
rCorr    .         Harm     .   (no gloves)
MR       .....                  (no boots)
Stlth    ..........             (no amulet)
HPRegen  0.12/turn              p - ring of flight
MPRegen  0.10/turn              (no ring)

@: mighty
A: negative energy resistance 1, electricity resistance, unbreathing,
petrification resistance, rot immunity, AC +4
a: Heroism, Renounce Religion, Evoke Flight


You were on level 3 of the Dungeon.
You worshipped Okawaru.
Okawaru was aware of your devotion.
You were hungry.

You visited 1 branch of the dungeon, and saw 3 of its levels.

You collected 238 gold pieces.

Inventory:

Hand Weapons
 a - a +0 flail (weapon)
Armour
 b - a +0 scale mail (worn)
 c - a +0 shield (worn)
 k - a +2 cloak (worn)
Jewellery
 p - a ring of flight (left hand)
Scrolls
 g - 3 scrolls of identify {unknown}
 l - a scroll of teleportation {unknown}
 q - a scroll of remove curse {unknown}
Potions
 d - a potion of might
 e - a potion of lignification {unknown}
 h - a potion of brilliance {unknown}
 i - a potion of flight {unknown}
 j - a potion of magic {unknown}
 m - 2 potions of agility {unknown}
 n - 2 potions of curing {unknown}
 o - 4 potions of haste {unknown}
Comestibles
 f - 7 rations


   Skills:
 + Level 3.3 Fighting
 + Level 6.0 Maces & Flails
 + Level 3.4 Armour
 + Level 0.2 Dodging
 + Level 3.4 Shields


You had 5 spell levels left.
You didn't know any spells.
Your spell library was empty.

Dungeon Overview and Level Annotations

Branches:
Dungeon (3/15)

Altars:
Elyvilon
Okawaru
Ru
Sif Muna


Innate Abilities, Weirdness & Mutations

You are resistant to torment.
Your stone body is resilient. (AC +4)
You are immune to poison.
You resist negative energy. (rN+)
You are resistant to electric shocks. (rElec)
You can survive without breathing.
You are immune to petrification.
You are immune to rotting.


Message History

The puff of frost hits you!
* * * LOW HITPOINT WARNING * * *
You block the orc's attack. Something hits you but does no damage.
You closely miss something.
You hear some strange, mumbled words.
A puff of frost appears from out of thin air!
The puff of frost hits you! You block the orc's attack.
You barely miss something. Something hits you but does no damage.
You hear some strange, mumbled words.
A puff of frost appears from out of thin air!
You block the puff of frost. The orc hits you but does no damage.
You miss something. Something hits you but does no damage.
You block the orc's attack. Something hits you but does no damage.
You miss something. Something hits you but does no damage.
You block the orc's attack. Something hits you but does no damage.
You miss something. Something hits you but does no damage.
The orc hits you but does no damage.
You thump something! Okawaru accepts your kill.
Reactivating autopickup.
You feel a bit more experienced. You block the orc's attack.
The orc hits you with a trident.
You die...

###############
#.............###
#.#########.....#
#)#.........#.#.#
#@#.#########.#.#
#o#.#########.#.##
#.#...............
#.#..##.##......†.
#.##.##.#####.#.##
#.##.#...####.#.##
#....†........#.##
####.#...######...
#.##.#######..#
#.##.#......#.#
#.##.#..####..#


You could see an orc.

Vanquished Creatures
  3 orc wizards (D:3)
  Jessica (D:3)
  4 adders
  A gnoll (D:1)
  An ooze (D:1)
  3 worms
  3 dart slugs
  3 leopard geckos
  3 orcs (D:3)
  2 ball pythons (D:1)
  2 bats
  A giant cockroach (D:3)
  9 goblins
  7 hobgoblins
  10 jackals
  A quokka (D:3)
  A frilled lizard (D:3)
  10 kobolds
  4 rats
69 creatures vanquished.

Notes
Turn   | Place    | Note
-------+----------+-------------------------------------------
     0 | D:1      | thesubatomic the Gargoyle Fighter began the quest for the Orb.
     0 | D:1      | Reached XP level 1. HP: 14/14 MP: 1/1
    21 | D:1      | Reached XP level 2. HP: 16/19 MP: 2/2
   130 | D:1      | Reached skill level 3 in Maces & Flails
   140 | D:1      | Reached XP level 3. HP: 12/23 MP: 3/3
  1239 | D:2      | Reached skill level 4 in Maces & Flails
  1252 | D:2      | Found an iron altar of Okawaru.
  1266 | D:2      | Became a worshipper of Warmaster Okawaru
  1470 | D:2      | Reached XP level 4. HP: 20/28 MP: 4/4
  1635 | D:2      | Found a sacrificial altar of Ru.
  1645 | D:2      | Found a deep blue altar of Sif Muna.
  1650 | D:2      | Found a white marble altar of Elyvilon.
  1882 | D:3      | Reached skill level 5 in Maces & Flails
  1906 | D:3      | Reached XP level 5. HP: 12/32 MP: 5/5
  2452 | D:3      | Noticed Jessica
  2468 | D:3      | Killed Jessica
  2510 | D:3      | Reached skill level 6 in Maces & Flails
  2713 | D:3      | Reached * piety under Okawaru
  2752 | D:3      | Reached XP level 6. HP: 37/37 MP: 6/6
  2774 | D:3      | HP: 1/37 [something/puff of frost (5)]
  2781 | D:3      | Slain by an orc

Skill      XL: |  1  2  3  4  5 |
---------------+----------------+-----
Maces & Flails | 3 4 5 6 |  6.0
Fighting       | |  3.3
Armour         | |  3.4
Dodging        | |  0.2
Shields        | |  3.4

Action                   |  1- 3 |  4- 6 || total
-------------------------+-------+-------++-------
Melee: Flail             |   109 |   196 ||   305
  Use: Potion            |       |     1 ||     1
  Eat: Chunk             |     2 |     4 ||     6
Armor: Scale mail        |    54 |   138 ||   192
Dodge: Dodged            |    45 |    73 ||   118
Block: Shield            |    48 |   117 ||   165
